 Dungeon Crawl Stone Soup version 0.26-a0-720-g2a1d101370 (webtiles) character file.

Game seed: 14887750621913284491

1608 Melum the Cleaver (level 8, -9/58 HPs)
             Began as a Demonspawn Delver on Nov 3, 2020.
             Killed by divine providence
             ... invoked by an orc priest
              (10 damage)
             ... on level 6 of the Dungeon.
             The game lasted 00:26:28 (7753 turns).

Melum the Cleaver (Demonspawn Delver)               Turns: 7753, Time: 00:26:30

Health: -9/58      AC:  7    Str: 15    XL:     8   Next: 63%
Magic:  8/8        EV: 12    Int: 11    God:
Gold:   528        SH:  0    Dex: 21    Spells: 7/7 levels left

rFire    . . .     SeeInvis .   K - +3 hand axe (freeze)
rCold    . . .     Faith    .   (no shield)
rNeg     + . .     Spirit   .   H - +1 leather armour "Riwkigo" {rN+ Regen+ rCorr}
rPois    .         Reflect  .   (helmet restricted)
rElec    .         Harm     .   B - +0 cloak
rCorr    +         Rampage  .   A - +0 pair of gloves
MR       .....                  (no boots)
Stlth    +++.......             (no amulet)
HPRegen  0.59/turn              k - +6 ring of dexterity
MPRegen  0.11/turn              i - ring of wizardry

@: mighty
A: antennae 1, powered by pain 1, sharp scales 1
a: no special abilities


You were on level 6 of the Dungeon.
You visited 2 branches of the dungeon, and saw 8 of its levels.

You collected 528 gold pieces.

Inventory:

Hand Weapons
 a - a +0 war axe
 K - a +3 hand axe of freezing (weapon)
Missiles
 x - 3 throwing nets
 y - 17 poisoned darts (quivered)
Armour
 l - a +3 leather armour
 A - a +0 pair of gloves (worn)
 B - a +0 cloak (worn)
 H - the +1 leather armour "Riwkigo" (worn) {rN+ Regen+ rCorr}
   (You found it on level 5 of the Dungeon)

   It protects you from negative energy.
   It increases your rate of regeneration.
   It provides partial protection from all sources of acid and corrosion.
Magical Staves
 C - an uncursed staff of conjuration
 O - an uncursed staff of air
Jewellery
 i - a ring of wizardry (right hand)
 k - a +6 ring of dexterity (left hand)
Wands
 g - a wand of digging (3)
 n - a wand of flame (11)
 o - a wand of random effects (11)
 D - a wand of enslavement (5)
Scrolls
 c - 3 scrolls of fog
 d - 4 scrolls of magic mapping
 e - 2 scrolls of fear
 j - a scroll of remove curse
 m - 6 scrolls of teleportation
 r - a scroll of enchant armour {unknown}
 u - 2 scrolls of enchant weapon
 w - 5 scrolls of identify
 E - a scroll of noise {unknown}
 I - 2 scrolls of blinking
 J - a scroll of silence {unknown}
 L - a scroll of immolation
Potions
 b - a potion of ambrosia {unknown}
 f - a potion of haste
 p - a potion of berserk rage
 q - 2 potions of heal wounds {unknown}
 s - a potion of mutation {unknown}
 t - 2 potions of lignification {unknown}
 v - 2 potions of flight {unknown}
 z - 2 potions of stabbing {unknown}
 F - 2 potions of curing {unknown}
 G - 3 potions of might
 M - a potion of invisibility {unknown}


   Skills:
 - Level 3.0 Fighting
 + Level 10.2 Axes
 - Level 1.7 Dodging
 - Level 4.5 Stealth


You had 7 spell levels left.
You didn't know any spells.
Your spell library contained the following spells:

 Spells                   Type           Power        Failure   Level
 Confusing Touch          Hex            #.......     45%         3
 Gell's Gravitas          Tloc           #.........   45%         3
 Petrify                  Tmut/Erth      #.......     83%         4
 Metabolic Englaciation   Hex/Ice        #.........   99%         5
 Yara's Violent Unravell  Hex/Tmut       #.........   99%         5


Dungeon Overview and Level Annotations

Branches:
Dungeon (7/15)             Temple (1/1) D:5

Altars:
Ashenzari
Cheibriados
Dithmenos
Elyvilon
Gozag
Kikubaaqudgha
Nemelex Xobeh
Okawaru
Qazlal
Ru
Sif Muna
Trog
Vehumet
Wu Jian
Xom
Yredelemnul
Zin

Shops:
D:6 !

Annotations:
D:6 Sigmund


Innate Abilities, Weirdness & Mutations

You have a pair of small antennae on your head.
You sometimes gain a little power by taking damage.
You are partially covered in razor-sharp scales. (AC +1, Slay +1)


Message History

* * * LOW HITPOINT WARNING * * *
Throwing (i - inventory. (/) - cycle)
y - 18 poisoned darts (quivered)
Press: ? - help, Shift-Dir - straight line, f/p - orc priest
Aim: an orc priest You throw a poisoned dart.
The poisoned dart hits the gnoll.
The gnoll is poisoned.
The gnoll is lightly wounded.
The orc priest mumbles some strange prayers to Beogh against you.
Beogh smites you!
* * * LOW HITPOINT WARNING * * *
The orc priest invokes the aid of Beogh against you.
Beogh smites you!
* * * LOW HITPOINT WARNING * * *
It was a potion of might.
You feel very mighty all of a sudden. The gnoll hits you with a +0 club.
* * * LOW HITPOINT WARNING * * *
The orc priest calls down the wrath of Beogh upon you.
Beogh smites you!
You die...

#............####(............#..
..............##.................
......................####.......
...........##............<.......
..........###...................#
........#####)...................
.......#####................>....
...(...###.##....................
#.......#.....#g@........
#......^................
............o#####......
............## #..... .. ..
........##.## #.... ..###.
.....)...#.# .... ...#..
(..((......# ... .....##
..(........# .. .......
...#....#..# ##...


You could see an orc priest and a gnoll (poisoned).

Vanquished Creatures
  Grinder (D:3)
  Prince Ribbit (D:6)
  Grum (D:6)
  A sky beast (D:6)
  A phantom (D:4)
  An ogre (D:4)
  A gnoll sergeant (D:6)
  2 scorpions
  An electric eel (D:3)
  A bullfrog zombie (D:5)
  2 jellies
  2 orc priests
  5 hounds
  Jessica (D:3)
  2 orc wizards
  A worker ant (D:6)
  3 gnolls (D:7)
  4 adders
  2 white imps
  2 worms (D:2)
  An adder skeleton (D:4)
  2 dart slugs
  7 leopard geckos
  13 orcs
  3 ball pythons
  7 bats
  3 giant cockroaches
  6 hobgoblins
  10 jackals
  3 quokkas
  5 frilled lizards
  7 goblins
  A jackal skeleton (D:4)
  11 kobolds
  10 rats
124 creatures vanquished.

Vanquished Creatures (others)
  An electric eel (D:3)
1 creature vanquished.

Grand Total: 125 creatures vanquished

Notes
Turn   | Place    | Note
-------+----------+-------------------------------------------
     0 | D:5      | Melum the Demonspawn Delver began the quest for the Orb.
     0 | D:5      | Reached XP level 1. HP: 18/18 MP: 1/1
    86 | D:4      | Reached skill level 2 in Axes
    86 | D:4      | Gained mutation: You sometimes gain a little power by
                  | taking damage. [demonic ancestry]
    86 | D:4      | Reached XP level 2. HP: 16/24 MP: 2/2
   404 | D:4      | Noticed a phantom
   606 | D:4      | Noticed an ogre
   712 | D:3      | Noticed Jessica
   723 | D:3      | Killed Jessica
   723 | D:3      | Reached skill level 3 in Axes
   723 | D:3      | Reached XP level 3. HP: 26/29 MP: 3/3
   943 | D:1      | Reached XP level 4. HP: 17/35 MP: 4/4
  1122 | D:1      | Reached skill level 4 in Axes
  2405 | D:2      | Found a broken altar of Ashenzari.
  2419 | D:2      | Reached XP level 5. HP: 17/41 MP: 5/5
  2871 | D:2      | Reached skill level 5 in Axes
  3075 | D:3      | Noticed Grinder
  3080 | D:3      | Found a transporter.
  3129 | D:3      | Found a transporter.
  3222 | D:3      | Found a glowing silver altar of Zin.
  3305 | D:3      | Paralysed by Grinder for 4 turns
  3316 | D:3      | Paralysed by Grinder for 4 turns
  3329 | D:3      | Killed Grinder
  3329 | D:3      | Reached skill level 6 in Axes
  3329 | D:3      | Gained mutation: You have a pair of small antennae on your
                  | head. [demonic ancestry]
  3329 | D:3      | Reached XP level 6. HP: 22/47 MP: 6/6
  3542 | D:3      | Found a sparkling altar of Nemelex Xobeh.
  3970 | D:4      | Reached skill level 7 in Axes
  3970 | D:4      | Reached XP level 7. HP: 23/52 MP: 7/7
  4566 | D:5      | Found a staircase to the Ecumenical Temple.
  4581 | Temple   | Entered the Ecumenical Temple
  5338 | D:5      | Noticed Prince Ribbit
  5422 | D:6      | Killed Prince Ribbit
  5422 | D:6      | Reached skill level 8 in Axes
  6046 | D:5      | Got a scorched leather armour
  6173 | D:6      | Found Jeil Cak's Distillery.
  6225 | D:6      | Gained mutation: You are partially covered in razor-sharp
                  | scales. (AC +1, Slay +1) [demonic ancestry]
  6225 | D:6      | Reached XP level 8. HP: 49/58 MP: 8/8
  6437 | D:6      | Reached skill level 9 in Axes
  6692 | D:6      | Noticed Grum
  6698 | D:6      | Killed Grum
  7117 | D:6      | Found a sparkling altar of Nemelex Xobeh.
  7148 | D:6      | Noticed Sigmund
  7320 | D:7      | Reached skill level 10 in Axes
  7650 | D:7      | Identified the +1 leather armour "Riwkigo" {rN+ Regen+
                  | rCorr} (You found it on level 5 of the Dungeon)
  7753 | D:6      | HP: 1/58 [gnoll/+0 club (3)]
  7753 | D:6      | Killed from afar by an orc priest

Illustrated notes

Levels and vault maps discovered:
D:1:      wheals_arrival_linesprint, layout_loops_ring, serial_forest,
          infiniplex_forest_clump_small, infiniplex_forest_clump_large,
          infiniplex_forest_lined_4_way, infiniplex_forest_zigzag_1,
          infiniplex_forest_lined_room_3, minmay_octomino_e4
D:2:      layout_rooms, old_standard_altar
D:3:      gammafunk_steamed_eel, layout_rooms, nemelex_altar_shiori,
          lemuel_statue_altar, uniq_grinder, uniq_jessica
D:4:      layout_gridville
D:5:      layout_cave_pools, minmay_temple_entry_antechambers,
          uniq_prince_ribbit1
D:6:      layout_cave_pools, serial_gnoll_camp, gnoll_camp_mini_shop,
          gnoll_camp_mini_basic, grums_kennel, gnoll_camp_mini_hut,
          serial_shops, nicolae_shop_waterfront, nemelex_diamond_rough_becter,
          uniq_sigmund
D:7:      layout_rooms, old_standard_altar
Temple:   eino_narrow_crystal_temple

Skill      XL: |  1  2  3  4  5  6  7  8 |
---------------+-------------------------+-----
Axes           | 2 3 4 6 7 8 10 | 10.2
Fighting       | |  3.0
Dodging        | |  1.7
Stealth        | |  4.5

Action                   |  1- 3 |  4- 6 |  7- 9 || total
-------------------------+-------+-------+-------++-------
Melee: Hand axe          |    75 |   229 |   210 ||   514
Throw: Dart              |       |     5 |    12 ||    17
       Throwing net      |       |     1 |       ||     1
Evoke: Wand              |       |     6 |     5 ||    11
  Use: Potion            |       |     1 |     1 ||     2
       Scroll            |       |       |     6 ||     6
 Stab: Sleeping          |     3 |    11 |     5 ||    19
       Distracted        |     1 |     1 |       ||     2
       Paralysed         |       |     7 |       ||     7
Armor: Leather armour    |    30 |    71 |    64 ||   165
Dodge: Dodged            |    34 |   170 |   114 ||   318

Table legend: (Time is in decaauts)
 A = Elapsed time spent in this place.
 B = Non-inter-level travel time spent in this place.
 C = Inter-level travel time spent in this place.
 D = Time resting spent in this place.
 E = Time spent auto-exploring this place.
 F = Levels seen in this place.
 G = Mean time per level.
                   A        B        C        D        E       F      G
               +--------+--------+--------+--------+--------+-----+--------+
         Total |   7772 |   7638 |    134 |   2508 |   3254 |   8 |  971.5 |
       Dungeon |   7564 |   7443 |    121 |   2508 |   3060 |   7 | 1080.6 |
        Temple |    208 |    195 |     13 |      0 |    194 |   1 |  208.0 |
               +--------+--------+--------+--------+--------+-----+--------+

Top non-repeatable levels by time:
     D:6: 1484 daAuts
     D:4: 1275 daAuts
     D:2: 1258 daAuts
     D:1: 1106 daAuts
     D:5: 1085 daAuts
     D:3: 857 daAuts
     D:7: 496 daAuts
  Temple: 208 daAuts
